 Dungeon Crawl Stone Soup version 0.30-a0-1114-gd936c97349 (webtiles) character file.

Game seed: 3767708282327148873

1923873 ShnitzelX3 the Impregnable (level 24, 218/218 HPs)
             Began as a Demigod Fighter on Apr 17, 2023.
             Escaped with the Orb
             ... and 3 runes on Apr 20, 2023!
             The game lasted 04:18:21 (51795 turns).

ShnitzelX3 the Impregnable (Demigod Fighter)       Turns: 51795, Time: 04:18:22

Health: 218/218    AC: 56    Str: 38    XL:     24   Next: 61%
Magic:  40/40      EV:  8    Int: 25    God:
Gold:   1969       SH: 24    Dex: 11    Spells: 19/39 levels left

rFire   + + +      SeeInvis +    a - +8 war axe of Ru, Wizarding {flame, rPois rN+}
rCold   + + .      Faith    .    c - +5 Storm Queen's Shield {shock, Fly rElec}
rNeg    + + +      Spirit   .    e - +14 crystal plate armour of the Indestructible God {rF+++ Regen+ Int-4 Slay+3}
rPois   +          Reflect  +    E - +1 helmet "Guosta" {Int+3}
rElec   +          Rampage  +    f - +2 cloak {Will+}
rCorr   +                        Y - +2 pair of gloves of the Lotus Blossom {Dex+3}
Will    ++++.                    D - +2 pair of boots of Cuifim {rC+ rCorr} Stlth
                                 H - amulet "Rytt" {Reflect Rampage rF- rN+++ Dex-5 SH+5}
HPRegen 2.16/turn                R - ring of see invisible
MPRegen 0.27/turn                V - ring "Ziys" {rElec rF+ rC+ Str+3 Int+4}

@: flying
A: high MP 1, forlorn, divine attributes, strong-willed 1, regeneration 1,
screaming 1, weak 1
0: Orb of Zot
}: 3/15 runes: barnacled, silver, gossamer
a: no special abilities


You escaped.
You visited 9 branches of the dungeon, and saw 47 of its levels.
You visited the Abyss 1 time.
You also visited: Bailey.

You collected 6411 gold pieces.
You spent 4442 gold pieces at shops.

Inventory:

Hand Weapons
 a - the +8 war axe of Ru, Wizarding (weapon) {flame, rPois rN+}
   (You took it off a yaktaur on level 5 of the Vaults)

   rPois:     It protects you from poison.
   rN:        It protects you from negative energy.
Missiles
 p - 3 curare-tipped darts
 Q - 24 silver javelins (quivered)
 S - 3 throwing nets
Armour
 c - the +5 Storm Queen's Shield (worn) {shock, Fly rElec}
   (You found it on level 5 of the Vaults)

   Shock:     When it blocks an attack, it may electrocute the attacker.
   This works even against foes who are a short distance away.
   rElec:     It insulates you from electricity.
   Fly:       It grants you flight.
 e - the +14 crystal plate armour of the Indestructible God (worn) {rF+++ Regen+ Int-4 Slay+3}
   (You acquired it on level 3 of the Lair of Beasts)

   Int:       It affects your intelligence (-4).
   Slay:      It affects your accuracy & damage with ranged weapons and melee
   (+3).
   rF:        It renders you almost immune to fire.
   Regen:     It increases your rate of health regeneration.
 f - a +2 cloak of willpower (worn)
 D - the +2 pair of boots of Cuifim (worn) {rC+ rCorr}
   (You found it on level 2 of the Elven Halls)

   rC:        It protects you from cold.
   rCorr:     It protects you from acid and corrosion.
 E - the +1 helmet "Guosta" (worn) {Int+3}
   (You found it on level 2 of the Spider Nest)

   Int:       It affects your intelligence (+3).
 Y - the +2 pair of gloves of the Lotus Blossom (worn) {Dex+3}
   (You found it on level 5 of the Vaults)

   Dex:       It affects your dexterity (+3).
Jewellery
 g - a ring of flight
 n - a ring of poison resistance
 r - a ring of wizardry
 y - a ring of willpower
 H - the amulet "Rytt" (around neck) {Reflect Rampage rF- rN+++ Dex-5 SH+5}
   (You bought it in a shop on level 13 of the Dungeon)

   [amulet of reflection]

   It reflects blocked missile attacks.
   Dex:       It affects your dexterity (-5).
   rF:        It makes you vulnerable to fire.
   rN:        It renders you almost immune to negative energy.
   SH:        It affects your SH (+5).
   Rampage:   It bestows one free step when moving towards enemies.
 N - a ring of protection from cold
 R - a ring of see invisible (left hand)
 V - the ring "Ziys" (right hand) {rElec rF+ rC+ Str+3 Int+4}
   (You bought it in a shop on level 3 of the Depths)

   [ring of protection from cold]

   Str:       It affects your strength (+3).
   Int:       It affects your intelligence (+4).
   rF:        It protects you from fire.
   rC:        It protects you from cold.
   rElec:     It insulates you from electricity.
Wands
 j - a wand of roots (20)
 o - a wand of mindburst (24)
 q - a wand of flame (39)
 z - a wand of light (6)
 F - a wand of digging (20)
 J - a wand of paralysis (40)
Scrolls
 k - 4 scrolls of magic mapping
 m - 12 scrolls of vulnerability
 s - 13 scrolls of teleportation
 u - 3 scrolls of summoning
 v - 8 scrolls of poison
 B - 5 scrolls of immolation
 K - 7 scrolls of fog
 T - 3 scrolls of blinking
 U - a scroll of silence
 X - 7 scrolls of fear
Potions
 d - a potion of might
 h - 9 potions of curing
 i - 7 potions of invisibility
 l - 4 potions of cancellation
 t - 8 potions of ambrosia
 x - 11 potions of brilliance
 A - a potion of berserk rage
 C - 9 potions of magic
 L - 3 potions of attraction
 M - 7 potions of mutation
 O - 3 potions of haste
 P - 3 potions of heal wounds
 Z - 4 potions of resistance
Miscellaneous
 w - a lightning rod (4/4)
 G - a box of beasts (inert)
 I - a phantom mirror (inert)
 W - a tin of tremorstones (1/2)


   Skills:
 + Level 18.6 Fighting
 + Level 19.4(19.6) Axes
 - Level 4.2(13.4) Polearms
 - Level 4.8 Ranged Weapons
 - Level 6.0 Throwing
 + Level 21.4 Armour
 - Level 1.2 Dodging
 + Level 18.1 Shields
 - Level 8.4 Spellcasting
 + Level 15.1 Conjurations
 - Level 14.4 Transmutations
 + Level 5.5 Earth Magic
 + Level 13.5 Evocations


You had 19 spell levels left.
You knew the following spells:

 Your Spells              Type           Power      Damage    Failure   Level
a - Magic Dart            Conj           100%       1d8       1%          1
b - Searing Ray           Conj           100%       2d8       1%          2
c - Wereblood             Tmut           70%        N/A       1%          2
d - Irradiate             Conj/Tmut      35%        3d23      3%          5
e - Iskenderun's Battles  Conj           72%        2d12      2%          5
f - Stone Arrow           Conj/Erth      100%       3d13      2%          3
g - Passwall              Tmut/Erth      47%        N/A       1%          2

Your spell library contained the following spells:

 Spells                   Type           Power      Damage    Failure   Level
 Sting                    Tmut/Pois      100%       1d8       2%          1
 Static Discharge         Conj/Air       96%        2-6/arc   3%          2
 Hailstorm                Conj/Ice       48%        3d11      7%          3
 Petrify                  Tmut/Erth      57%        N/A       9%          4
 Ignite Poison            Fire/Tmut/Pois 34%        N/A       21%         3
 Fulminant Prism          Conj/Hex       24%        3d12      22%         4
 Sticky Flame             Conj/Fire      48%        2d7       22%         4
 Ice Form                 Ice/Tmut       46%        N/A       26%         4
 Apportation              Tloc           20%        N/A       45%         1
 Freeze                   Ice            40%        1d6       45%         1
 Necrotise                Necr           40%        1d6       45%         1
 Summon Small Mammal      Summ           40%        N/A       45%         1
 Fireball                 Conj/Fire      24%        3d11      52%         5
 Alistair's Intoxication  Tmut/Pois      30%        N/A       56%         5
 Yara's Violent Unravell  Hex/Tmut       23%        3d10      56%         5
 Ensorcelled Hibernation  Hex/Ice        20%        N/A       58%         2
 Poisonous Vapours        Pois/Air       20%        N/A       58%         2
 Sublimation of Blood     Necr           10%        N/A       58%         2
 Orb of Destruction       Conj           36%        9d11      63%         7
 Iron Shot                Conj/Erth      29%        9d6       73%         6
 Statue Form              Tmut/Erth      38%        N/A       77%         6
 Call Canine Familiar     Summ           10%        N/A       83%         3
 Frozen Ramparts          Ice            20%        1d4       83%         3
 Gell's Gravitas          Tloc           10%        N/A       83%         3
 Inner Flame              Hex/Fire       10%        N/A       83%         3
 Portal Projectile        Hex/Tloc       20%        N/A       83%         3
 Teleport Other           Tloc           10%        N/A       83%         3
 Animate Armour           Summ/Erth      48%        N/A       85%         4
 Leda's Liquefaction      Hex/Erth       12%        N/A       85%         4
 Conjure Ball Lightning   Conj/Air       24%        3x3d7     98%         6
 Eringya's Noxious Bog    Tmut/Pois      23%        N/A       98%         6
 Airstrike                Air            5%         2d(1-17)  99%         4
 Anguish                  Hex/Necr       5%         N/A       99%         4
 Animate Dead             Necr           10%        N/A       99%         4
 Olgreb's Toxic Radiance  Pois           10%        N/A       99%         4
 Summon Ice Beast         Ice/Summ       10%        N/A       99%         4
 Summon Lightning Spire   Summ/Air       10%        N/A       99%         4
 Borgnjor's Vile Clutch   Necr/Erth      12%        N/A       99%         5
 Metabolic Englaciation   Hex/Ice        5%         N/A       100%        5
 Summon Forest            Summ/Tloc      5%         N/A       100%        5
 Summon Mana Viper        Hex/Summ       10%        N/A       100%        5
 Death Channel            Necr           5%         N/A       100%        6
 Dispersal                Tloc           5%         N/A       100%        6
 Simulacrum               Ice/Necr       5%         N/A       100%        6
 Summon Cactus Giant      Summ           5%         N/A       100%        6
 Enfeeble                 Hex            5%         N/A       100%        7
 Ozocubu's Refrigeration  Ice            5%         4d8       100%        7
 Spellforged Servitor     Conj/Summ      24%        N/A       100%        7
 Storm Form               Tmut/Air       23%        N/A       100%        7
 Summon Hydra             Summ           5%         N/A       100%        7
 Ignition                 Fire           5%         3d4       100%        8
 Lehudib's Crystal Spear  Conj/Erth      29%        10d8      100%        8
 Polar Vortex             Ice            5%         N/A       100%        9


Dungeon Overview and Level Annotations

Branches:
Dungeon (15/15)            Temple (0/1) D:4            Lair (5/5) D:9
 Shoals (4/4) Lair:2       Spider (4/4) Lair:3        Slime (0/5) Lair:5
    Orc (2/2) D:10            Elf (3/3) Orc:2        Vaults (5/5) D:13
  Crypt (0/3) Vaults:3     Depths (4/4) D:15            Zot (5/5) Depths:4
 Bailey (visited)

Shops:
D:12 *   D:13 =(   D:14 [   Orc:1 :   Orc:2 ([?:   Elf:3 (   Vaults:1 (
Vaults:4 =   Depths:3 ==:[

Portals:
Hell: Depths:1 Depths:2 Depths:3
Abyss: Depths:1 Depths:3
Pandemonium: Depths:2 Depths:4
Ziggurat: Depths:4

Annotations:
D:9 3 runed translucent doors, TheSexyCheese's ghost, journeyman GnFE
Shoals:3 3 runed translucent doors, Bai Suzhen; Mara
Orc:1 3 runed translucent doors, Brasilia's ghost, journeyman OpWn
Elf:1 1 runed translucent door, Heg Cuhi's ghost, adept MiFi
Elf:2 3 runed translucent doors
Elf:3 2 transporters, Zikhlim's ghost, journeyman MiFi
Vaults:1 2 transporters, exclusion: orange crystal statue
Depths:4 1 transporter


Innate Abilities, Weirdness & Mutations

You have an increased reservoir of magic. (+10% MP)
You shall have no god before yourself.
Your divine heritage dramatically boosts your attributes as you level up.
You are strong-willed. (Will+)
Your natural rate of healing is unusually fast.
You occasionally shout uncontrollably at your foes.
You are weak. (Str -2)


Message History

You fly upwards.
There is a stone staircase leading down here.
A smoke demon comes into view.
The smoke demon roars!
You can't go up here!
You block the smoke demon's attack.
The smoke demon hits you but does no damage.
You block the smoke demon's attack.
Your shield discharges, shocking the smoke demon!
There is an escape hatch in the ceiling here.
You barely miss the smoke demon.
The smoke demon is moderately wounded.
You barely miss the smoke demon.
The smoke demon is moderately wounded.
The smoke demon gestures at you.
You block sticky flame... and reflect it back!
The sticky flame misses the smoke demon.
You slash the smoke demon!
The smoke demon is heavily wounded.
The smoke demon hits you. You block the smoke demon's attack. x2
Your shield discharges, shocking the smoke demon!
You slash the smoke demon! You burn the smoke demon.
You kill the smoke demon!
A mysterious force pulls you upwards. The hatch slams shut behind you.
There is a stone staircase leading up here.
You fly upwards.
There is a stone staircase leading down here.
Unknown command.
Aiming: Dig
Press: ? - help, Shift-Dir - straight line A rock wall.
This square is covered in magical glow.
The rock shatters into small pieces.
Aiming: Dig
Press: ? - help, Shift-Dir - straight line A rock wall.
This square is covered in magical glow.
The rock shatters into small pieces.
There is a staircase leading out of the dungeon here.
You have escaped!

#....###.##
#.)......... #....#
##.## ##.######....
##...## ##.##
#####..# #...#
#....# ##.##
#.+...## #...#
#....# ##.## #.#..##
#...# ####.####
##.###.#.## #...#
#....## ##.##.#.#
#...# ####.[##
##.#.#.# #...# ##..#
##@.'.# #...#
#########'######.###
#...# #............#
#.# #...#
#............# #.#
#...# #............#
#.### #####
##########.### #.'.#
#..######.#
##........###
#######.รท..#######


There were no monsters in sight!

Vanquished Creatures
  3 dread liches
  An ancient lich (Zot:5)
  6 orbs of fire
  A juggernaut (Depths:3)
  3 curse toes
  2 Killer Klowns (Zot:5)
  The ghost of Heg Cuhi the Slayer, an adept MiFi of Okawaru (Elf:2)
  10 golden dragons
  A bone dragon (Depths:3)
  A Tzitzimitl (Depths:3)
  3 electric golems
  The ghost of Xutext the Spry, an adept DsAK of Lugonu (Depths:1)
  2 doom hounds (Depths:3)
  17 tentacled monstrosities
  Grunn (Depths:3)
  A walking earthen tome (Depths:3)
  4 titans (Vaults:5)
  19 Orb Guardians
  Asterion (Spider:4)
  2 deep elf blademasters (Elf:3)
  7 liches
  7 quicksilver dragons
  A walking divine tome (Depths:2)
  2 deep elf master archers (Elf:3)
  An ancient champion (Vaults:3)
  A walking frostbound tome (Depths:2)
  5 death cobs
  3 sphinxes
  A sphinx (shapeshifter) (Vaults:5)
  2 tentacled starspawn (Abyss:3)
  6 shadow dragons
  6 draconian monks
  15 storm dragons
  7 tengu reavers
  Ilsuiw (Shoals:2)
  Donald (Spider:4)
  9 fire giants
  A rockslime (Zot:5)
  A daeva (D:14)
  11 draconian scorchers
  3 emperor scorpions (Spider:4)
  9 frost giants
  4 deep elf sorcerers
  9 ghost moths
  21 vault wardens
  5 draconian knights
  4 iron dragons
  A ghost moth (shapeshifter) (Depths:2)
  4 draconian annihilators
  A caustic shrike zombie (D:15)
  An orc warlord (D:13)
  3 broodmothers
  9 draconian stormcallers
  A spriggan defender (Depths:2)
  3 deep elf elementalists
  32 very ugly things
  2 cacodemons (Elf:2)
  2 war gargoyles
  5 draconian shifters
  16 ironbound preservers
  20 stone giants
  Nessos (D:12)
  12 green draconians
  A stone giant (shapeshifter) (Vaults:5)
  8 deep elf demonologists
  A lorocyproca (Depths:4)
  13 black draconians
  4 vampire knights
  4 ironbound thunderhulks
  4 deep elf annihilators (Elf:3)
  12 red draconians
  6 dire elephants
  9 white draconians
  15 purple draconians
  11 yellow draconians
  8 spark wasps
  15 ettins
  2 crystal guardians
  7 deep elf death magi (Elf:3)
  9 merfolk javelineers (Shoals:4)
  A quicksilver dragon zombie (D:15)
  11 fire dragons
  9 merfolk impalers
  5 entropy weavers
  4 deep elf high priests
  13 yaktaur captains
  4 great orbs of eyes
  An entropy weaver (shapeshifter) (D:13)
  4 rakshasas
  A hell beast (D:15)
  11 ice dragons
  2 peacekeepers
  4 ogre magi
  9 hydras
  A jorogumo (Spider:4)
  33 vault guards
  3 radroaches
  2 merfolk avatars
  11 ironbound frosthearts
  A catoblepas (D:13)
  Erica (D:8)
  An alligator (shapeshifter) (D:15)
  10 deep troll shamans
  6 spriggan air magi
  15 boulder beetles
  A merfolk aquamancer (Shoals:4)
  9 centaur warriors
  12 two-headed ogres
  4 orc high priests (Orc:2)
  A tengu warrior (D:13)
  3 thrashing horrors (Abyss:3)
  23 dancing weapons
  8 spriggan berserkers
  A titan zombie (Depths:1)
  8 deep troll earth magi
  11 hell knights
  2 soul eaters (Depths:4)
  8 deep elf knights
  5 iron trolls
  A salamander mystic (Depths:1)
  8 skeletal warriors
  7 skysharks
  4 wretched stars (Abyss:3)
  A sun moth (Spider:3)
  A goliath frog (shapeshifter) (Depths:2)
  A golden dragon zombie (Depths:3)
  2 goliath frogs (Lair:5)
  7 pharaoh ants
  44 deep trolls
  A storm dragon skeleton (D:15)
  5 flayed ghosts
  13 sea snakes
  10 orb spiders
  8 glowing orange brains
  A sphinx zombie (Depths:3)
  13 deep elf archers
  9 wizards
  6 steelbarb worms
  A kraken simulacrum (Shoals:4)
  22 harpies
  6 orc knights
  29 deep elf pyromancers
  7 phantasmal warriors
  22 lindwurms
  6 starcursed masses (Abyss:3)
  23 wolf spiders
  15 ironbound convokers
  11 necromancers
  14 deep elf zephyrmancers
  5 orc sorcerers (Orc:2)
  A stone giant zombie (D:15)
  6 fauns (Shoals:1)
  A fire giant zombie (Depths:1)
  2 salamanders (Depths:1)
  35 ugly things
  A worldbinder (Abyss:3)
  7 cyclopes
  2 black mambas
  21 moths of wrath
  Maurice (D:10)
  26 elephants
  13 manticores
  9 merfolk sirens
  Joseph (D:8)
  22 vault sentinels
  A naga mage (Vaults:4)
  4 demonic crawlers
  2 water nymphs
  2 orange demons
  2 smoke demons
  Maggie (D:7)
  3 unseen horrors
  5 torpor snails
  2 hellions
  4 kobold demonologists
  11 komodo dragons
  18 cane toads
  63 yaktaurs
  A rime drake (Lair:4)
  6 freezing wraiths
  An ice devil (Depths:4)
  6 tengu conjurers
  A harpy zombie (Shoals:2)
  A tormentor (Depths:3)
  9 meliai
  29 merfolk
  A meliai (shapeshifter) (D:15)
  A polar bear (Lair:4)
  8 trolls
  34 tarantellas
  13 hornets
  A queen bee (shapeshifter) (D:13)
  Prince Ribbit (D:7)
  22 blink frogs
  A tyrant leech (Lair:5)
  4 wind drakes (Shoals:4)
  10 snapping turtles
  A raiju (Abyss:3)
  33 jumping spiders
  3 small abominations (Abyss:3)
  13 dream sheep
  36 slime creatures
  A culicivora (shapeshifter) (Depths:4)
  24 culicivoras
  A spriggan skeleton (Depths:1)
  A vampire (D:12)
  5 air elementals
  4 large abominations (Abyss:3)
  A spriggan (shapeshifter) (Vaults:5)
  7 spriggans
  4 shadows
  A wraith (D:11)
  2 wyverns
  A yak (shapeshifter) (D:13)
  3 fire elementals
  34 yaks
  A basilisk (D:13)
  6 water elementals
  A chaos spawn (Abyss:3)
  A neqoxec (Abyss:3)
  A steam dragon (D:6)
  51 redbacks
  A redback (shapeshifter) (Depths:4)
  6 vampire mosquitoes
  A warg (Orc:2)
  A naga (shapeshifter) (Vaults:5)
  A swamp worm (shapeshifter) (Vaults:5)
  3 acid dragons
  10 water moccasins
  A glowing shapeshifter zombie (Depths:3)
  2 acid dragons (shapeshifter) (Elf:2)
  A glowing shapeshifter skeleton (Depths:3)
  2 ice beasts
  25 orc warriors
  2 manticore zombies (Shoals:2)
  4 wolves (Lair:2)
  A wolf (shapeshifter) (Vaults:5)
  10 ogres
  9 centaurs
  4 kobold brigands (D:10)
  A gnoll sergeant (D:5)
  18 bullfrogs
  7 earth elementals
  A naga simulacrum (Abyss:3)
  4 scorpions
  9 wights
  11 killer bees
  A cyclops skeleton (Orc:1)
  2 troll zombies (D:10)
  7 electric eels
  7 howler monkeys
  3 jellies
  Crazy Yiuf (D:5)
  18 orc priests
  A cyclops simulacrum (Orc:1)
  A gnoll bouda (D:9)
  A sleepcap (D:5)
  Jessica (D:3)
  20 orc wizards
  Terence (D:2)
  8 ogre zombies
  A gnoll (shapeshifter) (Elf:2)
  13 gnolls
  6 adders
  A river rat (shapeshifter) (Elf:2)
  2 white imps
  An ufetubus (D:6)
  A worm (shapeshifter) (D:14)
  A worm (D:2)
  A dart slug (shapeshifter) (Elf:2)
  6 dart slugs
  70 orcs
  A bat zombie (Shoals:2)
  6 endoplasms
  7 giant cockroaches
  A giant cockroach (shapeshifter) (Elf:2)
  10 goblins
  10 hobgoblins
  15 jackals
  A jackal (shapeshifter) (Elf:2)
  13 kobolds
  3 quokkas
  2 ball pythons (D:1)
  8 bats
  A frilled lizard (shapeshifter) (Elf:2)
  3 frilled lizards
  A goblin skeleton (D:10)
  A hobgoblin skeleton (D:10)
  2 hobgoblin zombies (D:10)
  A kobold (shapeshifter) (Elf:2)
  4 orc skeletons (D:10)
  17 orc zombies (D:10)
  10 rats
  3 spectral weapons
2109 creatures vanquished.

Vanquished Creatures (collateral kills)
  Parghit (Zot:4)
  A torpor snail (Spider:3)
  2 hornets (Spider:4)
4 creatures vanquished.

Vanquished Creatures (others)
  A quicksilver dragon (Zot:2)
  A fire giant (Depths:2)
  A white draconian (Zot:4)
  A purple draconian (Zot:4)
  An ettin (Vaults:5)
  2 dancing weapons (Elf:1)
  A steelbarb worm (Spider:4)
  A wizard (Vaults:3)
  3 merfolk (Shoals:4)
  A redback (Spider:4)
  A bush (Lair:5)
  33 fungi
  205 plants
  4 starspawn tentacles (Abyss:3)
  12 tentacles
  11 withered plants (D:15)
279 creatures vanquished.

Grand Total: 2392 creatures vanquished

Notes
Turn   | Place    | Note
-------+----------+-------------------------------------------
     0 | D:1      | ShnitzelX3 the Demigod Fighter began the quest for the Orb.
     0 | D:1      | Reached XP level 1. HP: 18/18 MP: 3/3
   132 | D:1      | Reached XP level 2. HP: 23/25 MP: 4/4
   282 | D:1      | Learned a level 1 spell: Magic Dart
   400 | D:1      | Reached XP level 3. HP: 27/31 MP: 5/5
   597 | D:1      | Reached skill level 3 in Armour
   925 | D:2      | Reached XP level 4. HP: 34/38 MP: 6/6
  1063 | D:2      | Noticed Terence
  1084 | D:2      | HP: 1/38 [Terence/+0 falchion (6)]
  1085 | D:2      | Killed Terence
  1945 | D:3      | Noticed Jessica
  1950 | D:3      | Killed Jessica
  1951 | D:3      | Reached skill level 1 in Ranged Weapons
  1951 | D:3      | Reached XP level 5. HP: 46/46 MP: 7/7
  2699 | D:4      | Identified the +2 robe "Pofir" {Fly rN++ rCorr Str-4}
  2746 | D:4      | Found a staircase to the Ecumenical Temple.
  2919 | D:5      | Entered Level 5 of the Dungeon
  3357 | D:5      | Reached skill level 1 in Evocations
  3357 | D:5      | Reached XP level 6. HP: 52/52 MP: 8/8
  3610 | D:5      | Found a runed translucent door.
  3611 | D:5      | Noticed Crazy Yiuf
  3699 | D:5      | Reached skill level 4 in Armour
  3719 | D:5      | Reached skill level 1 in Dodging
  3970 | D:5      | Killed Crazy Yiuf
  4146 | D:6      | Noticed a steam dragon
  4209 | D:6      | Found Saakoipo's CLEARANCE SALE!.
  4222 | D:6      | Bought a scroll of vulnerability for 12 gold pieces
  4297 | D:6      | Reached XP level 7. HP: 56/60 MP: 10/10
  4451 | D:6      | Killed a steam dragon
  4657 | D:6      | Reached skill level 5 in Fighting
  4785 | D:7      | Noticed Maggie
  4798 | D:7      | Killed Maggie
  4799 | D:7      | Reached skill level 5 in Armour
  4799 | D:7      | Reached XP level 8. HP: 47/68 MP: 11/11
  4876 | D:7      | Noticed a two-headed ogre
  4985 | D:7      | Reached skill level 1 in Axes
  4997 | D:7      | Killed a two-headed ogre
  5107 | D:7      | Reached skill level 6 in Armour
  5174 | D:7      | Noticed Prince Ribbit
  5196 | D:7      | Killed Prince Ribbit
  5264 | D:7      | Reached XP level 9. HP: 70/77 MP: 12/12
  5349 | D:7      | You fall into a shaft and drop 2 floors!
  5372 | D:9      | Found a staircase to the Lair.
  5705 | D:8      | Noticed Joseph
  5715 | D:8      | Killed Joseph
  5716 | D:8      | Reached skill level 7 in Armour
  5735 | D:8      | Found a flagged portal.
  5829 | Bailey   | Entered a bailey
  6106 | Bailey   | Noticed an orc knight
  6144 | Bailey   | Killed an orc knight
  6583 | D:8      | Reached XP level 10. HP: 37/86 MP: 13/13
  6787 | D:7      | Reached skill level 5 in Axes
  6942 | D:8      | Noticed Erica
  7139 | D:8      | Killed Erica
  7197 | D:8      | Reached skill level 8 in Armour
  7417 | D:8      | Reached skill level 5 in Evocations
  7622 | D:9      | Noticed a +0 spear
  7622 | D:9      | Noticed a +0 dagger
  7623 | D:9      | Noticed a +0 falchion
  7623 | D:9      | Noticed a +0 dagger
  7624 | D:9      | Noticed a +0 falchion
  7624 | D:9      | Noticed a +0 short sword
  7624 | D:9      | Noticed a +0 short sword
  7626 | D:9      | Noticed a +0 spear
  7775 | D:9      | Found a runed translucent gate.
  7776 | D:9      | Found a runed translucent gate.
  7776 | D:9      | Found a runed translucent gate.
  7791 | D:9      | Noticed TheSexyCheese's ghost (journeyman GnFE)
  7863 | D:10     | Entered Level 10 of the Dungeon
  8146 | D:10     | Found a staircase to the Orcish Mines.
  8389 | D:10     | Noticed a brown ugly thing
  8392 | D:10     | Noticed a two-headed ogre
  8433 | D:11     | Noticed a two-headed ogre
  8444 | D:11     | Noticed a two-headed ogre
  8705 | D:10     | Gained mutation: You occasionally lose the ability to read
                  | scrolls when taking damage. [potion of mutation]
  8705 | D:10     | Gained mutation: You have sharp fingernails. [potion of
                  | mutation]
  8706 | D:10     | Lost mutation: You have sharp fingernails. [potion of
                  | mutation]
  8706 | D:10     | Lost mutation: You occasionally lose the ability to read
                  | scrolls when taking damage. [potion of mutation]
  8706 | D:10     | Gained mutation: Your body sometimes deteriorates upon
                  | taking damage. [potion of mutation]
  8707 | D:10     | Lost mutation: Your body sometimes deteriorates upon taking
                  | damage. [potion of mutation]
  8707 | D:10     | Gained mutation: You are partially covered in large bone
                  | plates. (SH +4) [potion of mutation]
  8707 | D:10     | Gained mutation: You are clumsy. (Dex -2) [potion of
                  | mutation]
  8707 | D:10     | Gained mutation: You are covered in fur. (AC +1) [potion of
                  | mutation]
  8748 | D:10     | Noticed a two-headed ogre
  8757 | D:10     | Killed a two-headed ogre
  8930 | D:10     | Noticed Maurice
  8944 | D:10     | Killed Maurice
  8945 | D:10     | Noticed a sixfirhy
  8952 | D:10     | Reached XP level 11. HP: 61/95 MP: 14/14
  8956 | D:10     | Killed a two-headed ogre
  9379 | D:11     | Noticed a two-headed ogre
  9390 | D:11     | Killed a two-headed ogre
  9391 | D:11     | Reached skill level 9 in Armour
  9443 | D:11     | Killed a two-headed ogre
  9801 | D:11     | Killed a two-headed ogre
  9862 | D:11     | Reached skill level 1 in Throwing
 10240 | D:12     | Noticed a two-headed ogre
 10248 | D:12     | Killed a two-headed ogre
 10386 | D:12     | Noticed a boulder beetle
 10413 | D:12     | Killed a boulder beetle
 10473 | D:12     | Noticed a boulder beetle
 10501 | D:12     | Killed a boulder beetle
 10547 | D:12     | Found Yra Jey's General Store.
 10565 | D:12     | Bought a scroll of identify for 22 gold pieces
 10701 | D:12     | Noticed Nessos
 10714 | D:12     | Killed Nessos
 10715 | D:12     | Reached skill level 10 in Fighting
 10892 | D:12     | Reached XP level 12. HP: 88/106 MP: 15/15
 10960 | D:13     | Noticed a centaur warrior
 11035 | D:12     | Reached skill level 10 in Armour
 11113 | Orc:1    | Entered Level 1 of the Orcish Mines
 11223 | Orc:1    | Reached skill level 1 in Conjurations
 11340 | Orc:1    | Reached skill level 1 in Spellcasting
 11520 | Orc:1    | Found a runed translucent gate.
 11520 | Orc:1    | Found a runed translucent gate.
 11520 | Orc:1    | Found a runed translucent gate.
 11522 | Orc:1    | Noticed Brasilia's ghost (journeyman OpWn)
 11522 | Orc:1    | Noticed an orc warlord
 11652 | Orc:1    | Found Ceos's Self-Improvement Boutique.
 11733 | Orc:2    | Entered Level 2 of the Orcish Mines
 11859 | Orc:2    | Found a runed translucent door.
 11925 | Orc:2    | Noticed an ettin
 11936 | Orc:2    | Killed an ettin
 12255 | Orc:2    | Found a staircase to the Elven Halls.
 12369 | Orc:2    | Found Bana Fism's Weapon Emporium.
 12417 | Orc:2    | Found Toibriph's Magic Scroll Boutique.
 12630 | Orc:2    | Bought a scroll of identify for 30 gold pieces
 12631 | Orc:2    | Bought a scroll of enchant armour for 112 gold pieces
 12632 | Orc:2    | Found Giudir's Book Boutique.
 12634 | Orc:2    | Found Oqihusm's Antique Armour Emporium.
 12648 | Orc:2    | Learned a level 2 spell: Searing Ray
 13174 | Lair:1   | Entered Level 1 of the Lair of Beasts
 13807 | Lair:2   | Reached XP level 13. HP: 95/116 MP: 20/20
 13810 | Lair:2   | Reached skill level 11 in Armour
 14152 | Lair:2   | Identified the +0 robe "Ageit" {Str+4 Dex+5}
 14302 | Lair:2   | Found a staircase to the Shoals.
 14409 | Lair:2   | Identified a scroll of acquirement
 14410 | Lair:2   | Acquired a manual of Axes
 14777 | Lair:3   | Acquired the +14 crystal plate armour of the Indestructible
                  | God {rF+++ Regen+ Int-4 Slay+3}
 14955 | Lair:3   | Reached skill level 10 in Axes
 14983 | Lair:3   | Found a hole to the Spider Nest.
 16029 | Lair:4   | Found the +8 demon trident "Rift" {distort, reach+}
 16572 | Lair:5   | Entered Level 5 of the Lair of Beasts
 16619 | Lair:5   | Reached skill level 12 in Armour
 16846 | Lair:5   | Reached skill level 5 in Conjurations
 16858 | Lair:5   | Reached XP level 14. HP: 122/125 MP: 23/25
 16983 | Lair:5   | Found a staircase to the Slime Pits.
 17004 | Lair:5   | Reached skill level 5 in Spellcasting
 17830 | Lair:5   | Reached skill level 13 in Armour
 17911 | Lair:5   | Upgraded the game from 0.30-a0-1094-g860fb061e7 to
                  | 0.30-a0-1103-g25895a7845
 18247 | D:13     | Found a gate to the Vaults.
 18402 | D:13     | Found Qyxkemie's Jewellery Shoppe.
 18411 | D:13     | Found Wafofide's Antique Weapon Shop.
 18412 | D:13     | Bought the amulet "Rytt" {Reflect Rampage rF- rN+++ Dex-5
                  | SH+5} for 567 gold pieces
 18772 | D:13     | Reached XP level 15. HP: 134/134 MP: 28/28
 18821 | D:13     | Noticed a storm dragon
 18829 | D:13     | Killed a storm dragon
 18949 | D:13     | Reached skill level 14 in Armour
 19288 | Orc:1    | Bought a manual of Shields for 1200 gold pieces
 19508 | D:14     | Found Doizumme's Antique Armour Shop.
 19516 | D:14     | Bought a pair of shimmering boots for 294 gold pieces
 19516 | D:14     | Identified the +1 pair of boots "Resev" {Str-4 Dex+8 SInv}
                  | (You bought it in a shop on level 14 of the Dungeon)
 20092 | D:15     | Entered Level 15 of the Dungeon
 20287 | D:15     | Found a staircase to the Depths.
 21153 | Shoals:1 | Entered Level 1 of the Shoals
 21169 | Shoals:1 | Reached skill level 5 in Shields
 21650 | Shoals:1 | Reached skill level 15 in Armour
 21776 | Shoals:1 | You are sucked into a shaft and drop 1 floor!
 22302 | Shoals:2 | Noticed Ilsuiw
 22315 | Shoals:2 | Killed Ilsuiw
 22900 | Shoals:3 | Noticed a kraken
 22922 | Shoals:3 | Noticed Bai Suzhen
 22935 | Shoals:4 | Entered Level 4 of the Shoals
 22968 | Shoals:4 | Reached XP level 16. HP: 115/144 MP: 31/31
 23035 | Shoals:4 | Reached skill level 16 in Armour
 23048 | Shoals:3 | Noticed Mara
 23052 | Shoals:3 | Noticed ShnitzelX3's illusion
 23142 | Shoals:3 | Found a runed translucent gate.
 23143 | Shoals:3 | Found a runed translucent gate.
 23144 | Shoals:3 | Found a runed translucent gate.
 23354 | Shoals:3 | Noticed ShnitzelX3's illusion
 23903 | Shoals:4 | Learned a level 2 spell: Wereblood
 24064 | Shoals:4 | Reached skill level 1 in Transmutations
 24397 | Shoals:4 | Got a barnacled rune of Zot
 24601 | Spider:1 | Entered Level 1 of the Spider Nest
 24617 | Spider:1 | Reached skill level 10 in Shields
 25721 | Spider:2 | Reached skill level 17 in Armour
 25896 | Spider:2 | Reached skill level 15 in Axes
 25953 | Spider:2 | Identified the +1 helmet "Guosta" {Int+3}
 26009 | Spider:2 | Reached XP level 17. HP: 151/151 MP: 34/34
 26878 | Spider:3 | Reached skill level 5 in Transmutations
 27020 | Spider:4 | Entered Level 4 of the Spider Nest
 27917 | Spider:4 | Noticed Donald
 27932 | Spider:4 | Noticed Asterion
 27938 | Spider:4 | Killed Donald
 27950 | Spider:4 | Killed Asterion
 28122 | Spider:4 | Got a gossamer rune of Zot
 28454 | Orc:2    | Bought a scroll of teleportation for 45 gold pieces
 28462 | Orc:2    | Bought a book of Alchemy for 504 gold pieces
 28468 | Orc:2    | Learned a level 5 spell: Irradiate
 28628 | Vaults:1 | Entered Level 1 of the Vaults
 28990 | Vaults:1 | Reached skill level 18 in Armour
 29005 | Vaults:1 | Found a transporter.
 29013 | Vaults:1 | Found the amulet of the Four Winds {rN+ Will+++ Clar}
 29014 | Vaults:1 | Found a transporter.
 29054 | Vaults:1 | Found Viges's Antique Weapon Boutique.
 29181 | Vaults:1 | Reached XP level 18. HP: 161/161 MP: 35/35
 29479 | Vaults:1 | Got the Spellbook of Ill-fated Astrapomancy
 30667 | Vaults:2 | You fall into a shaft and drop 1 floor!
 30950 | Abyss:3  | Cast into level 3 of the Abyss (a deep elf sorcerer)
 31215 | Abyss:3  | Gained mutation: You are weak. (Str -2) [a neqoxec]
 31219 | Abyss:3  | Gained mutation: You occasionally shout uncontrollably at
                  | your foes. [a neqoxec]
 31339 | Vaults:2 | Escaped the Abyss
 31753 | Vaults:3 | Reached skill level 10 in Conjurations
 31805 | Vaults:3 | Reached skill level 15 in Fighting
 31809 | Vaults:3 | Reached XP level 19. HP: 122/170 MP: 30/36
 31897 | Vaults:3 | Reached skill level 10 in Transmutations
 32186 | Vaults:3 | Noticed a golden dragon
 32565 | Vaults:3 | Found a staircase to the Crypt.
 33235 | Vaults:4 | Identified the +2 hat "Heot" {Int+2}
 33263 | Vaults:4 | Learned a level 5 spell: Iskenderun's Battlesphere
 33267 | Vaults:4 | Learned a level 3 spell: Stone Arrow
 33647 | Vaults:4 | Found Ijebrix's Jewellery Emporium.
 33659 | Vaults:4 | Bought a ring of poison resistance for 260 gold pieces
 34334 | Vaults:4 | Upgraded the game from 0.30-a0-1103-g25895a7845 to
                  | 0.30-a0-1112-gfb780f5df6
 34612 | Elf:1    | Entered Level 1 of the Elven Halls
 34838 | Elf:1    | Found a runed translucent door.
 34844 | Elf:1    | Noticed Heg Cuhi's ghost (adept MiFi)
 35015 | Elf:1    | Reached skill level 15 in Shields
 35053 | Elf:1    | Reached XP level 20. HP: 151/179 MP: 37/37
 35072 | Elf:1    | Reached skill level 19 in Armour
 35501 | Elf:1    | Paralysed by an air elemental for 1 turns
 35504 | Elf:1    | Paralysed by an air elemental for 1 turns
 35507 | Elf:1    | Paralysed by an air elemental for 1 turns
 35510 | Elf:1    | Paralysed by an air elemental for 1 turns
 35579 | Elf:1    | Paralysed by an air elemental for 1 turns
 35910 | Elf:2    | Found a runed translucent gate.
 35910 | Elf:2    | Found a runed translucent gate.
 35910 | Elf:2    | Found a runed translucent gate.
 36074 | Elf:2    | Found a runed translucent gate.
 36074 | Elf:2    | Found a runed translucent gate.
 36074 | Elf:2    | Found a runed translucent gate.
 36621 | Elf:2    | Found a runed translucent gate.
 36621 | Elf:2    | Found a runed translucent gate.
 36627 | Elf:2    | Found a runed translucent gate.
 36631 | Elf:2    | Noticed Heg Cuhi's ghost (adept MiFi)
 36651 | Elf:2    | Gained mutation: You are somewhat resistant to further
                  | mutation. [a cacodemon]
 36704 | Elf:2    | Killed Heg Cuhi's ghost
 36722 | Elf:2    | Identified the +2 pair of boots of Cuifim {rC+ rCorr}
 36944 | Elf:3    | Entered Level 3 of the Elven Halls
 37051 | Elf:3    | Found Guj Amenn's Weapon Emporium.
 37292 | Elf:3    | Found a transporter.
 37307 | Elf:3    | Noticed Zikhlim's ghost (journeyman MiFi)
 37327 | Elf:3    | Found a transporter.
 38168 | Elf:3    | Identified the +3 chain mail "Cazxavon" {-Cast Fly Stlth+}
 38169 | Elf:3    | Identified the staff of conjuration "Bekaaham" {Contam rC+
                  | Int+5}
 38218 | Elf:3    | Found the +8 arc blade {discharge, rElec}
 38234 | Elf:3    | Found the +18 shield of the Gong {Loud rN+ Will+ rCorr
                  | EV-5}
 38242 | Elf:3    | Found the +8 orange crystal plate armour {Archmagi, Int+3
                  | Clar}
 38246 | Elf:3    | Identified the staff of fire "Pegoo" {rElec rF+ Int+3
                  | Dex+3}
 38253 | Elf:3    | Identified the staff of earth "Xyrchautu" {Dex+6}
 38256 | Elf:3    | Identified the staff of conjuration "Unaicag" {Str+4 Dex+3
                  | Stlth-}
 38259 | Elf:3    | Identified the +10 dagger "Concordance" {freeze, rF+ rC+
                  | Will+ Dex+3}
 38261 | Elf:3    | Identified the +3 ring mail of Festooned Miracles {rF+
                  | Int+4}
 38275 | Elf:3    | Identified the +7 war axe "Arbiter" {flame, rPois rF- rCorr
                  | Str+3}
 38688 | Vaults:5 | Entered Level 5 of the Vaults
 38694 | Vaults:5 | Reached skill level 5 in Throwing
 38856 | Vaults:5 | Identified the +5 scimitar of Disaster {freeze, Fragile
                  | rPois rN++}
 38891 | Vaults:5 | Got the Thoughts on Vicissitude
 38897 | Vaults:5 | Learned a level 2 spell: Passwall
 38919 | Vaults:5 | Identified the +2 robe "Owioxt" {rPois rC- Str+2}
 38935 | Vaults:5 | Noticed a dread lich
 38960 | Vaults:5 | Killed a dread lich
 39205 | Vaults:5 | a dire elephant changed into a caustic shrike
 39205 | Vaults:5 | Noticed a caustic shrike (glowing shapeshifter)
 39206 | Vaults:5 | a caustic shrike changed into an iron dragon
 39214 | Vaults:5 | an iron dragon changed into a caustic shrike
 39214 | Vaults:5 | Noticed a caustic shrike (glowing shapeshifter)
 39219 | Vaults:5 | a caustic shrike changed into an iron dragon
 39221 | Vaults:5 | an iron dragon changed into a caustic shrike
 39221 | Vaults:5 | Noticed a caustic shrike (glowing shapeshifter)
 39232 | Vaults:5 | a caustic shrike changed into a golden dragon
 39232 | Vaults:5 | Noticed a golden dragon (glowing shapeshifter)
 39234 | Vaults:5 | a golden dragon changed into a stone giant
 39240 | Vaults:5 | Reached XP level 21. HP: 188/188 MP: 38/38
 39265 | Vaults:5 | Identified the +8 war axe of Ru, Wizarding {flame, rPois
                  | rN+}
 39339 | Vaults:5 | Identified the staff of conjuration "Uthoushui" {rN+ MP+9
                  | Stlth+}
 39520 | Vaults:5 | Identified the +3 shortbow of Defiance {antimagic, Str+2
                  | Dex+6 Stlth-}
 39684 | Vaults:5 | Found the +5 Storm Queen's Shield {shock, Fly rElec}
 39779 | Vaults:5 | Noticed a golden dragon
 39795 | Vaults:5 | Killed a golden dragon
 39804 | Vaults:5 | Identified the +2 pair of gloves of the Lotus Blossom
                  | {Dex+3}
 40038 | Vaults:5 | Reached skill level 10 in Evocations
 40045 | Vaults:5 | Got a silver rune of Zot
 40109 | Vaults:5 | Noticed a golden dragon
 40120 | Vaults:5 | Killed a golden dragon
 40229 | Vaults:5 | Noticed a dread lich
 40249 | Vaults:5 | Killed a dread lich
 40281 | Vaults:5 | Identified the +3 mace "Hellblazer" {flame, rPois rC-
                  | Int+5}
 40598 | Depths:1 | Entered Level 1 of the Depths
 40599 | Depths:1 | Found a gateway to Hell.
 40639 | Depths:1 | Found a one-way gate to the infinite horrors of the Abyss.
 40698 | Depths:1 | Found a runed translucent door.
 41312 | Depths:1 | Noticed Xutext's ghost (adept DsAK)
 41332 | Depths:1 | Killed Xutext's ghost
 42031 | Depths:2 | Found a one-way gate leading to the halls of Pandemonium.
 42162 | Depths:2 | Reached XP level 22. HP: 97/198 MP: 39/39
 42204 | Depths:2 | Reached skill level 20 in Armour
 42557 | Depths:3 | Lost mutation: You are covered in fur. (AC +1) [potion of
                  | mutation]
 42557 | Depths:3 | Lost mutation: You are clumsy. (Dex -2) [potion of
                  | mutation]
 42557 | Depths:3 | Lost mutation: You are partially covered in large bone
                  | plates. (SH +4) [potion of mutation]
 42557 | Depths:3 | Gained mutation: Your flesh is cold resistant. (rC+)
                  | [potion of mutation]
 42732 | Depths:3 | Found Raotzy's Antique Armour Boutique.
 42781 | Depths:3 | Noticed a juggernaut
 42795 | Depths:3 | Killed a juggernaut
 43349 | Depths:3 | Noticed Grunn
 43710 | Depths:3 | Found Vanipluar's Book Shop.
 43710 | Depths:3 | Found Ficasek's Jewellery Shoppe.
 43711 | Depths:3 | Found Futubeuxami's Jewellery Shoppe.
 43721 | Depths:3 | Bought the ring "Ziys" {rElec rF+ rC+ Str+3 Int+4} for 1396
                  | gold pieces
 43914 | Depths:3 | Killed Grunn
 44071 | Depths:4 | Entered Level 4 of the Depths
 44071 | Depths:4 | Found a one-way gateway to a ziggurat.
 44076 | Depths:4 | Paralysed by a floating eye for 3 turns
 44421 | Depths:4 | Paralysed by a floating eye for 3 turns
 44590 | Depths:4 | Found a gate to the Realm of Zot.
 44666 | Depths:4 | Found a transporter.
 44791 | Depths:4 | Paralysed by a floating eye for 3 turns
 45118 | Zot:1    | Entered Level 1 of the Realm of Zot
 45144 | Zot:1    | Upgraded the game from 0.30-a0-1112-gfb780f5df6 to
                  | 0.30-a0-1114-gd936c97349
 45317 | Zot:1    | Reached XP level 23. HP: 172/206 MP: 29/40
 45818 | Zot:1    | Identified the +3 short sword "Dragonbane" {heavy, rF+}
 46307 | Zot:2    | Noticed an orb of fire
 46348 | Zot:2    | Gained mutation: You are very weak. (Str -4) [an orb of
                  | fire]
 46365 | Zot:2    | Killed an orb of fire
 47815 | Zot:3    | Reached skill level 1 in Earth Magic
 49050 | Zot:4    | Reached skill level 21 in Armour
 49169 | Zot:4    | Noticed Parghit
 49179 | Zot:4    | Killed Parghit
 49645 | Zot:4    | Reached XP level 24. HP: 208/217 MP: 35/40
 49723 | Zot:5    | Entered Level 5 of the Realm of Zot
 50556 | Zot:5    | Noticed an orb of fire
 50570 | Zot:5    | Killed an orb of fire
 50583 | Zot:5    | Noticed an ancient lich
 50584 | Zot:5    | Noticed an orb of fire
 50586 | Zot:5    | Noticed a Killer Klown
 50594 | Zot:5    | Killed an ancient lich
 50627 | Zot:5    | Killed a Killer Klown
 50632 | Zot:5    | Gained mutation: You frequently scream uncontrollably at
                  | your foes. [an orb of fire]
 50641 | Zot:5    | Killed an orb of fire
 50643 | Zot:5    | Noticed a Killer Klown
 50757 | Zot:5    | Killed a Killer Klown
 50873 | Zot:5    | Noticed a dread lich
 50885 | Zot:5    | Noticed an orb of fire
 50886 | Zot:5    | Noticed an orb of fire
 50888 | Zot:5    | Gained mutation: Potions are less effective at restoring
                  | your health. [an orb of fire]
 50922 | Zot:5    | Gained mutation: You are dopey. (Int -2) [an orb of fire]
 50926 | Zot:5    | Killed an orb of fire
 50927 | Zot:5    | Reached skill level 5 in Earth Magic
 50932 | Zot:5    | Killed a dread lich
 50933 | Zot:5    | Reached skill level 15 in Conjurations
 50949 | Zot:5    | Gained mutation: You are very dopey. (Int -4) [an orb of
                  | fire]
 50950 | Zot:5    | Killed an orb of fire
 50984 | Zot:5    | Noticed an orb of fire
 50987 | Zot:5    | Noticed a Killer Klown
 51009 | Zot:5    | Gained mutation: You sometimes lose your temper in combat.
                  | [an orb of fire]
 51010 | Zot:5    | Killed an orb of fire
 51018 | Zot:5    | a Killer Klown changed into a rockslime
 51098 | Zot:5    | Lost mutation: You sometimes lose your temper in combat.
                  | [potion of mutation]
 51098 | Zot:5    | Lost mutation: Potions are less effective at restoring your
                  | health. [potion of mutation]
 51098 | Zot:5    | Gained mutation: You are strong-willed. (Will+) [potion of
                  | mutation]
 51099 | Zot:5    | Lost mutation: You are very weak. (Str -4) [potion of
                  | mutation]
 51099 | Zot:5    | Lost mutation: You are somewhat resistant to further
                  | mutation. [potion of mutation]
 51099 | Zot:5    | Lost mutation: You are very dopey. (Int -4) [potion of
                  | mutation]
 51099 | Zot:5    | Gained mutation: You are very weak. (Str -4) [potion of
                  | mutation]
 51100 | Zot:5    | Lost mutation: You are dopey. (Int -2) [potion of mutation]
 51100 | Zot:5    | Lost mutation: Your flesh is cold resistant. (rC+) [potion
                  | of mutation]
 51100 | Zot:5    | Lost mutation: You frequently scream uncontrollably at your
                  | foes. [potion of mutation]
 51100 | Zot:5    | Lost mutation: You are very weak. (Str -4) [potion of
                  | mutation]
 51100 | Zot:5    | Gained mutation: Your natural rate of healing is unusually
                  | fast. [potion of mutation]
 51199 | Zot:5    | Got the Orb of Zot
 51795 | D:$      | Escaped with the Orb!

Illustrated notes

Levels and vault maps discovered:
D:1:      minmay_arrival_three_doors, layout_basic
D:2:      layout_loops_cross, minivault_24, kennysheep_nub, minmay_tromino_i4,
          uniq_terence
D:3:      layout_basic, minmay_bisected, uniq_jessica
D:4:      layout_basic, temple_green
D:5:      layout_cave_pools, nrook_loot_triangle, uniq_crazy_yiuf_cottage
D:6:      layout_cave_pools, nicolae_shop_clearance
D:7:      layout_rooms, uniq_prince_ribbit1, uniq_maggie
D:8:      layout_layer_cave, enter_bailey_3, uniq_joseph, uniq_erica
D:9:      layout_rooms, nicolae_uskayaw_en_pointe, lair_entry_dummy,
          ebering_ghost_rock_garden, statue_in_the_mist_lemuel
D:10:     layout_rooms, zombieorc2_lemuel, minmay_fractal_squares_gapless_5,
          uniq_maurice
D:11:     layout_cave_pools, nicolae_vehumet_altar_sigil
D:12:     layout_loops_ring, serial_shops, shop, uniq_nessos
D:13:     evilmike_diamond_1, layout_cave_pools,
          hangedman_vaults_entry_quadrant_bands, serial_shops,
          nicolae_shop_tiny_waterfront, kennysheep_mini_moat,
          kennysheep_generic_room_7
D:14:     layout_small_grid, grunt_decor_fettered, serial_shops, shop,
          nzn_hepliaklqana_mist_gate
D:15:     gammafunk_depths_entry_grave, layout_gridville, minivault_4
Lair:1:   layout_big_grid, dpeg_stationary_puzzle, lemuel_fruit_fields
Lair:2:   layout_regular_city, elwin_shoals_entry_rocks, lemuel_fruit_fields,
          serial_bayou_shore_a
Lair:3:   layout_cave_pods, spider_nest_entry_rubble
Lair:4:   cheibrodos_lair_overgrown_chateau, layout_cave_pods, fungi_pond_lemuel
Lair:5:   minmay_lair_end_frog_pond, layout_layer_cave, slime_entry_1,
          chequers_serial_rivers_micro_c, minivault_25
Shoals:1: layout_shoals, nicolae_shoals_square_sea_wall, yaktaur_hedge
Shoals:2: layout_shoals, ldierk_geyser, nicolae_shoals_lost_giant_temple,
          nicolae_shoals_undead_eyrie, uniq_ilsuiw
Shoals:3: layout_shoals, nicolae_shoals_beach_cooler, uniq_mara, uniq_bai_suzhen
Shoals:4: shoals_end_grunt_ice, layout_shoals, shoals_ilsuiw_ice
Spider:1: layout_spider_delve, hangedman_spider_tarantella_strand
Spider:2: layout_spider_delve
Spider:3: layout_spider_delve
Spider:4: spider_rune_water, uniq_donald, uniq_asterion
Orc:1:    dreamdust_under_siege, layout_caves, serial_shops,
          ebering_ghost_gozag, nicolae_shop_self_help
Orc:2:    st_orc_elflike, layout_caves, basic_altar, lightli_church_of_beogh
Elf:1:    eino_elf_arrival_the_gate, layout_loops_cross,
          ebering_ghost_reflecting_pool, evilmike_minifort, grunt_ministairs_6,
          dreamdust_princess_corridor, minivault_5, uniq_louise
Elf:2:    elven_hall_of_blades_hangedman_original [nicolae_blade_little_rooms],
          layout_onion_city, ploomutoo_gammafunk_ghost_potion_laboratory
Elf:3:    elf_hall, layout_loops_ring, gammafunk_ghost_wrathful_warriors,
          minmay_shop_star
Vaults:1: lightli_enter_wizlab_magi_temple, nicolae_vaults_theta, v_misc_23,
          hangedman_vaults_trim, vaults_mumra_hex, hangedman_vaults_restitches,
          vaults_mumra_chevron, v_misc_24, v_misc_30, vaults_mumra_hexcomb,
          gammafunk_sealed_arena, vaults_room_fancy_cross,
          vaults_room_grunt_arrival_ludios, layout_vaults_omnibox, serial_shops,
          nicolae_shop_competitors_out_of_business
Vaults:2: nicolae_vaults_little_squares_5, v_alt_pattern_1,
          nicolae_vaults_asterisk, ontoclasm_vaults_shout,
          nicolae_vaults_big_ls, ontoclasm_vaults_ligature,
          ontoclasm_vaults_chip, layout_vaults_omnigrid
Vaults:3: minmay_crypt_entry_simple_sparse, nicolae_vaults_specimen_jars,
          vaults_room_ringed_pool, ontoclasm_vaults_ring_square,
          v_alt_pattern_6, st_diamondy, vaults_standard_mumra_lines, v_misc_30,
          hangedman_vaults_hat, nicolae_vaults_little_squares_4,
          grunt_vaults_trifunnel, vaults_dpeg_encased_lava,
          hangedman_vaults_pinch, ontoclasm_vaults_decontamination,
          layout_vaults_ring
Vaults:4: v_misc_3, grunt_tower_of_power, vaults_room_door_ring,
          hangedman_vaults_stitches, nicolae_vaults_diagonal_hallway_7,
          v_misc_14, nicolae_vaults_circle_grid_b, hangedman_vaults_trim,
          vaults_dpeg_ring, nicolae_vaults_rhombus_6,
          nicolae_vaults_little_squares_4, vaults_mumra_lcd,
          layout_vaults_big_room, serial_shops, shop, uniq_margery
Vaults:5
Depths:1: layout_gridville, hell_entry, chequers_serial_rivers_micro_a,
          abyss_entry, ebering_ghost_reflecting_pool,
          nicolae_kite_square_tiling_tiny, nicolae_danse_macabre,
          serial_bayou_shore_b
Depths:2: nzn_winding_woodlands_stair_trap [nzn_winding_woodlands_5x15_cabin,
          nzn_winding_woodlands_5x15_pathside_ponds,
          nzn_winding_woodlands_5x15_pockets,
          nzn_winding_woodlands_15x15_killbox,
          nzn_winding_woodlands_5x15_jagged, nzn_winding_woodlands_5x15_zeroes,
          nzn_winding_woodlands_5x15_eye], layout_basic, hell_entry,
          nicolae_qazlal_style_of_elements, pan_entry, minmay_evil_grid
Depths:3: grunt_crosshair, layout_gridlike, abyss_entry, hell_entry,
          minmay_stone_trees_small, serial_shops, nicolae_shop_hallway_stairs,
          minmay_shop_grove, infiniplex_staircase_zigzag_1, uniq_grunn
Depths:4: grunt_zot_entry_bicorn, layout_cave_pools, enter_ziggurat_d,
          rand_demon_pan_entry_1, minmay_misc_feat_iff, grunt_hell_entry_dis_mu,
          corexii_corridor_pit, corner_web_ring, nicolae_diode_basic
Zot:1:    layout_onion
Zot:2:    layout_misc_corridors
Zot:3:    layout_onion
Zot:4:    nicolae_zot_stationary_front, layout_onion, grunt_megastairs_4,
          uniq_parghit
Zot:5:    layout_cathedral_of_symmetry

Skill      XL: |  1  2  3  4  5  6  7  8  9 10 11 12 13 14 15 16 17 18 19 20 21 22 23 24 |
---------------+-------------------------------------------------------------------------+-----
Polearms       | 2 3 4 |  4.2
Fighting       | 3 4 5 6 7 8 10 11 12 13 14 15 16 17 18 | 18.6
Shields        | 3 7 11 13 14 15 16 17 18 | 18.1
Armour         | 3 4 5 6 7 8 9 10 12 13 15 17 18 19 20 21 | 21.4
Ranged Weapons | 1 2 3 4 |  4.8
Evocations     | 1 2 3 4 5 6 7 8 9 10 11 12 13 | 13.5
Dodging        | 1 |  1.2
Axes           | 3 4 6 8 9 11 12 14 15 16 17 18 19 | 19.4
Throwing       | 2 3 5 6 |  6.0
Conjurations   | 2 5 6 8 9 10 11 12 13 14 15 | 15.1
Spellcasting   | 2 4 6 7 8 |  8.4
Transmutations | 4 7 9 11 12 13 14 | 14.4
Earth Magic    | 3 5 |  5.5

Action                     |  1- 3 |  4- 6 |  7- 9 | 10-12 | 13-15 | 16-18 | 19-21 | 22-24 || total
---------------------------+-------+-------+-------+-------+-------+-------+-------+-------++-------
  Melee: Trident           |   179 |   204 |    58 |       |       |       |       |       ||   441
         War axe           |       |       |   161 |   618 |   863 |  1280 |  1792 |  1485 ||  6199
         Scimitar          |       |       |       |       |    62 |       |       |       ||    62
   Fire: Sling             |       |    89 |    15 |    68 |     2 |       |       |       ||   174
  Throw: Dart              |       |       |     1 |    45 |       |       |       |       ||    46
         Javelin           |       |       |       |       |       |       |     1 |     2 ||     3
   Cast: Magic Dart        |       |       |       |     3 |    29 |    27 |    52 |    42 ||   153
         Searing Ray       |       |       |       |     3 |    17 |    12 |       |     3 ||    35
         Wereblood         |       |       |       |       |       |    23 |    36 |    24 ||    83
         Irradiate         |       |       |       |       |       |       |    18 |    64 ||    82
         Iskenderun's Batt |       |       |       |       |       |       |    14 |    21 ||    35
         Stone Arrow       |       |       |       |       |       |       |       |    39 ||    39
  Evoke: Wand              |     1 |     8 |    12 |    29 |    24 |    37 |    14 |    33 ||   158
         Phantom mirror    |       |       |       |       |     1 |     2 |       |     2 ||     5
         Tin of tremorston |       |       |       |       |       |     3 |     6 |     1 ||    10
         Lightning rod     |       |       |       |       |       |       |     7 |       ||     7
         Box of beasts     |       |       |       |       |       |       |       |     1 ||     1
    Use: Scroll            |       |     7 |     6 |    20 |    18 |    17 |    13 |    14 ||    95
         Potion            |       |     1 |       |     7 |     6 |    11 |    11 |    18 ||    54
   Stab: Invisible         |       |       |     4 |     4 |     1 |     5 |     1 |    15 ||    30
         Fleeing           |       |       |       |     1 |       |       |       |       ||     1
         Paralysed         |       |       |       |     6 |       |     2 |       |       ||     8
         Petrified         |       |       |       |       |     1 |       |       |       ||     1
         Distracted        |       |       |       |       |       |     2 |       |     1 ||     3
 Armour: Scale mail        |    19 |       |       |       |       |       |       |       ||    19
         Chain mail        |    65 |   131 |    98 |   238 |    17 |       |       |       ||   549
         Robe              |       |       |     2 |       |       |       |       |       ||     2
         Crystal plate arm |       |       |       |       |   893 |   880 |   779 |   907 ||  3459
  Dodge: Dodged            |    57 |   183 |   147 |   314 |   476 |   281 |   169 |   241 ||  1868
  Block: Buckler           |    25 |    51 |    49 |   213 |   383 |       |       |       ||   721
         Reflection        |       |       |       |       |    33 |    62 |   100 |    28 ||   223
         Kite shield       |       |       |       |       |   379 |  1565 |  1567 |  1292 ||  4803

Table legend: (Time is in decaauts)
 A = Elapsed time spent in this place.
 B = Non-inter-level travel time spent in this place.
 C = Inter-level travel time spent in this place.
 D = Time resting spent in this place.
 E = Time spent auto-exploring this place.
 F = Levels seen in this place.
 G = Mean time per level.
                   A        B        C        D        E       F      G
               +--------+--------+--------+--------+--------+-----+--------+
         Total |  51761 |  47116 |   4645 |   6699 |  23057 |  49 | 1056.3 |
       Dungeon |  14781 |  12991 |   1790 |   2325 |   6354 |  15 |  985.4 |
          Lair |   4981 |   4647 |    334 |    186 |   3413 |   5 |  996.2 |
        Shoals |   3500 |   3300 |    200 |    332 |   1600 |   4 |  875.0 |
   Spider Nest |   3820 |   3460 |    360 |    398 |   1603 |   4 |  955.0 |
  Orcish Mines |   2417 |   1957 |    460 |    588 |    702 |   2 | 1208.5 |
   Elven Halls |   3719 |   3464 |    255 |    398 |   1775 |   3 | 1239.7 |
        Vaults |   7085 |   6327 |    758 |    266 |   3200 |   5 | 1417.0 |
        Depths |   4711 |   4444 |    267 |    848 |   2025 |   4 | 1177.8 |
           Zot |   5728 |   5511 |    217 |   1088 |   2320 |   5 | 1145.6 |
         Abyss |    382 |    382 |      0 |      0 |      0 |   1 |  382.0 |
        Bailey |    632 |    632 |      0 |    267 |     63 |   1 |  632.0 |
               +--------+--------+--------+--------+--------+-----+--------+

Top non-repeatable levels by time:
    D:10: 1537 daAuts
Vaults:5: 1522 daAuts
   Orc:2: 1500 daAuts
    D:13: 1479 daAuts
Depths:3: 1476 daAuts
Vaults:3: 1411 daAuts
Vaults:1: 1409 daAuts
Vaults:2: 1404 daAuts
   Zot:4: 1403 daAuts
  Lair:5: 1339 daAuts
Vaults:4: 1337 daAuts
Depths:2: 1327 daAuts
   Elf:3: 1294 daAuts
   Zot:5: 1289 daAuts
   Elf:1: 1239 daAuts
